 Dungeon Crawl Stone Soup version 0.29.1-2-gbd0b4ee654 (webtiles) character file.

Game seed: 7567045692025992877

7540 raph the Tainter (level 11, -4/63 HPs)
             Began as a Tengu Venom Mage on Nov 5, 2022.
             Was a Priest of Sif Muna.
             Slain by a vampire (10 damage)
             ... on level 9 of the Dungeon.
             The game lasted 00:20:25 (13812 turns).

raph the Tainter (Tengu Venom Mage)                Turns: 13812, Time: 00:20:25

Health: -4/63      AC:  5    Str:  9    XL:     11   Next: 16%
Magic:  10/22      EV: 21    Int: 19    God:    Sif Muna [***...]
Gold:   480        SH:  4    Dex: 15    Spells: 11/24 levels left

rFire   . . .      SeeInvis .   a - staff of conjuration
rCold   . . .      Faith    .   C - +0 buckler
rNeg    . . .      Spirit   .   y - +0 robe
rPois   .          Reflect  .   (helmet restricted)
rElec   .          Harm     .   D - +0 cloak
rCorr   .          Rampage  .   q - +1 pair of gloves
Will    .....                   (boots unavailable)
Stlth   ++........              (no amulet)
HPRegen 0.20/turn               l - ring of wizardry
MPRegen 0.18/turn               k - +4 ring of evasion

@: about to teleport, flying quickly and evasively, quick
A: beak, talons 3, nimble flight
a: Renounce Religion, Channel Magic, Forget Spell


You were on level 9 of the Dungeon.
You worshipped Sif Muna.
Sif Muna was most pleased with you.
You visited 1 branch of the dungeon, and saw 9 of its levels.
You also visited: Ossuary.

You collected 480 gold pieces.

Inventory:

Hand Weapons
 b - the +6 mace of Quantum Leap {elec, Str+6}
   (You found it on level 4 of the Dungeon)

   It occasionally discharges a powerful burst of electricity upon striking a
   foe.
   Str:       It affects your strength (+6).
 f - a +2 dagger of speed
 p - a +4 short sword of draining
 s - a +5 glaive
 t - a +0 great sword
Missiles
 g - a throwing net
 m - 18 poisoned darts
 F - 4 curare-tipped darts
Armour
 q - a +1 pair of gloves (worn)
 y - a +0 robe (worn)
 C - a +0 buckler (worn)
 D - a +0 cloak (worn)
Magical Staves
 a - a staff of conjuration (weapon)
Jewellery
 k - a +4 ring of evasion (right hand)
 l - a ring of wizardry (left hand)
 o - a ring of poison resistance
Wands
 n - a wand of acid (5)
 z - a wand of flame (10)
 B - a wand of roots (4)
Scrolls
 i - 7 scrolls of teleportation
 w - 2 scrolls of fear
 E - 3 scrolls of identify
Potions
 c - 3 potions of resistance
 d - 5 potions of heal wounds
 e - a potion of mutation
 h - a potion of attraction
 j - 2 potions of flight
 r - 4 potions of ambrosia
 u - 2 potions of magic
 v - 2 potions of lignification
 x - a potion of might
 A - 4 potions of curing
 G - a potion of haste
 H - a potion of cancellation


   Skills:
 + Level 5.0 Fighting
 + Level 1.3 Staves
 + Level 6.2 Dodging
 - Level 2.0 Stealth
 + Level 1.0 Shields
 + Level 7.0 Spellcasting
 * Level 6.9 Conjurations
 - Level 0.7 Transmutations
 + Level 10.1 Poison Magic
 + Level 6.3 Invocations
 + Level 1.1 Evocations


You had 11 spell levels left.
You knew the following spells:

 Your Spells              Type           Power      Damage    Failure   Level
a - Sting                 Tmut/Pois      100%       1d8       1%          1
b - Poisonous Vapours     Pois/Air       50%        N/A       1%          2
c - Mephitic Cloud        Conj/Pois/Air  42%        N/A       1%          3
d - Olgreb's Toxic Radia  Pois           45%        N/A       1%          4
e - Stone Arrow           Conj/Erth      58%        3d10      4%          3

Your spell library contained the following spells:

 Spells                   Type           Power      Damage    Failure   Level
 Animate Armour           Summ/Erth      12%        N/A       45%         4
 Lehudib's Crystal Spear  Conj/Erth      14%        10d5      100%        8


Dungeon Overview and Level Annotations

Branches:
Dungeon (9/15)             Temple (0/1) D:6         Ossuary (visited)
   Lair: D:8-11         Orc: D:9-12

Altars:
Ashenzari
Fedhas
Hepliaklqana
Okawaru
Sif Muna

Shops:
D:6 [

Annotations:
D:3 2 transporters, eightlis's ghost, weakling MiBe


Innate Abilities, Weirdness & Mutations

You have a beak for a mouth.
You have claws for feet.
Your magical nature lets you fly swiftly and evasively.


Message History

You hit the yak.
You kill the yak!
Sif Muna accepts your kill.
The yak looks even sicker.
Your toxic aura wanes.
The yak barely misses you.
You hit the yak. You claw the yak.
The yak is severely wounded.
You block the yak's attack.
You hit the yak but do no damage.
You blast the yak.
You claw the yak.
The yak is almost dead.
The yak closely misses you.
You hit the yak. You claw the yak, but do no damage.
The yak is almost dead.
The yak misses you.
You hit the yak but do no damage. You peck the yak.
You kill the yak!
Sif Muna accepts your kill.
Your Shields skill increases to level 1!
You start resting.
Something closely misses you. Something bites you!
Something draws strength from your injuries!
You start resting.
Something hits you! Something bites you.
Something draws strength from your injuries!
Casting: Olgreb's Toxic Radiance (dangerous; 1% risk of failure)
Confirm with . or Enter, or press ? or * to list all spells.
Aiming: Stone Arrow (dangerous; 4% risk of failure)
Press: ? - help, Shift-Dir - straight line You feel a surge of power!
Something closely misses you. x2
Casting: Stone Arrow (dangerous; 4% risk of failure)
Confirm with . or Enter, or press ? or * to list all spells.
You can't see any susceptible monsters within range! (Use Z to cast anyway.)
You miss something. Something hits you!
* * * LOW HITPOINT WARNING * * *
Something bites you but does no damage.
Unknown command.
As you read the scroll of teleportation, it crumbles to dust.
You feel strangely unstable. Something hits you.
* * * LOW HITPOINT WARNING * * *
Something bites you!
You die...

..o #.........# ..
#.........# .... ...
######'#### ..Y. .. #.....#
..{.. #.## ##.####### ...y.
..# #......... ...... #.#
#.>.......
....#.####'#########.........
..#......†..#...@............
#.'.o.†.....'.######.........
#.#....>....### #.........
#.........# #.........
#.........# ##########
###########


There were no monsters in sight!

Vanquished Creatures
  Pikel (D:6)
  Maurice (D:8)
  A hornet (D:8)
  Grinder (D:5)
  Sigmund (D:4)
  8 yaks
  6 humans (D:8)
  Eustachio (D:6)
  Edmund (D:6)
  3 water moccasins
  4 sky beasts
  4 black bears
  An ogre (D:5)
  An orc warrior (D:8)
  A lemure (D:6)
  A centaur (D:8)
  An elf zombie (Ossuary)
  Blork the orc (D:4)
  3 kobold brigands (D:8)
  A gnoll sergeant (D:8)
  2 bullfrogs
  2 necrophages
  2 jellies (D:4)
  7 scorpions
  4 wights (D:8)
  3 killer bees (D:9)
  2 electric eels (D:8)
  5 howler monkeys
  4 hounds
  A human zombie (Ossuary)
  A gnoll bouda (D:5)
  3 orc priests
  7 iguanas
  7 orc wizards
  3 mummies (Ossuary)
  3 adders
  8 gnolls
  2 ufetubi
  3 adder zombies (Ossuary)
  3 dart slugs
  33 orcs
  3 bats
  8 endoplasms
  2 giant cockroaches
  A gnoll zombie (Ossuary)
  13 goblins
  11 hobgoblins
  4 jackals
  A quokka (D:2)
  8 ball pythons
  5 frilled lizards
  2 goblin zombies (Ossuary)
  A hobgoblin zombie (Ossuary)
  24 kobolds
  3 kobold zombies (Ossuary)
  2 quokka zombies (Ossuary)
  11 rats
  4 rat zombies (Ossuary)
250 creatures vanquished.

Vanquished Creatures (others)
  46 fungi (D:9)
  111 plants
157 creatures vanquished.

Grand Total: 407 creatures vanquished

Notes
Turn   | Place    | Note
-------+----------+-------------------------------------------
     0 | D:1      | raph the Tengu Venom Mage began the quest for the Orb.
     0 | D:1      | Reached XP level 1. HP: 10/10 MP: 4/4
   217 | D:1      | Reached XP level 2. HP: 15/15 MP: 1/6
   486 | D:1      | Learned a level 2 spell: Poisonous Vapours
   796 | D:1      | Found a faded altar of an unknown god.
  1023 | D:1      | Reached skill level 4 in Poison Magic
  1229 | D:2      | Reached XP level 3. HP: 17/19 MP: 1/7
  1233 | D:2      | Learned a level 3 spell: Mephitic Cloud
  2120 | D:3      | Found a transporter.
  2177 | D:3      | Noticed eightlis's ghost (weakling MiBe)
  2381 | D:3      | Found a transporter.
  2473 | D:3      | Reached skill level 5 in Poison Magic
  2473 | D:3      | Reached XP level 4. HP: 24/24 MP: 0/8
  2617 | D:3      | Found a hazy altar of Hepliaklqana.
  2720 | D:3      | Found a shimmering blue altar of Sif Muna.
  2734 | D:3      | Gained mutation: Your magical nature lets you fly swiftly
                  | and evasively. [Tengu growth]
  2734 | D:3      | Reached XP level 5. HP: 27/28 MP: 3/10
  2748 | D:3      | Became a worshipper of Sif Muna the Loreminder
  3117 | D:3      | Reached skill level 1 in Invocations
  3241 | D:3      | Reached XP level 6. HP: 28/32 MP: 7/11
  3294 | D:3      | Learned a level 4 spell: Olgreb's Toxic Radiance
  4095 | D:4      | Reached skill level 6 in Poison Magic
  4095 | D:4      | Reached XP level 7. HP: 36/36 MP: 6/13
  4296 | D:4      | Noticed Blork the orc
  4444 | D:4      | Reached * piety under Sif Muna
  4949 | D:4      | Killed Blork the orc
  5115 | D:4      | Identified the +0 mace of the Butterfly {antimagic, rElec
                  | rF- Str+3 Int+2}
  5121 | D:4      | Identified the +6 mace of Quantum Leap {elec, Str+6}
  5127 | D:4      | Noticed Sigmund
  5145 | D:4      | Killed Sigmund
  5411 | D:4      | Reached XP level 8. HP: 22/41 MP: 6/16
  5684 | D:4      | Reached ** piety under Sif Muna
  6057 | D:5      | Entered Level 5 of the Dungeon
  6175 | D:5      | Reached skill level 5 in Spellcasting
  6175 | D:5      | Reached skill level 7 in Poison Magic
  6319 | D:5      | Reached skill level 1 in Conjurations
  6650 | D:5      | Reached skill level 1 in Fighting
  6784 | D:5      | Noticed Grinder
  6847 | D:6      | Noticed Edmund
  6865 | D:6      | Killed Edmund
  7271 | D:6      | Noticed Eustachio
  7278 | D:6      | Killed Eustachio
  7396 | D:6      | Learned a level 3 spell: Stone Arrow
  7563 | D:6      | Reached XP level 9. HP: 12/48 MP: 3/18
  7794 | D:6      | Noticed Pikel
  7806 | D:6      | Killed Pikel
  7807 | D:6      | Reached skill level 8 in Poison Magic
  8055 | D:6      | Found Tishpak's Dragon-Slaying Spoils.
  8155 | D:6      | Found a staircase to the Ecumenical Temple.
  8880 | D:7      | Reached skill level 5 in Invocations
  9477 | D:8      | Noticed Maurice
  9487 | D:8      | Killed Maurice
  9516 | D:8      | Noticed a hornet
  9758 | D:8      | HP: 2/51 [hornet (7)]
  9760 | D:8      | Killed a hornet
  9761 | D:8      | Reached XP level 10. HP: 23/56 MP: 2/20
 10049 | D:8      | Found a sand-covered staircase.
 10059 | Ossuary  | Entered an ossuary
 10073 | Ossuary  | Reached skill level 9 in Poison Magic
 10884 | D:8      | Reached skill level 5 in Conjurations
 11161 | D:8      | Reached skill level 5 in Dodging
 11296 | D:8      | Found a blossoming altar of Fedhas.
 11298 | D:8      | Found an iron altar of Okawaru.
 11805 | D:8      | Found a broken altar of Ashenzari.
 12669 | D:5      | Killed Grinder
 12670 | D:5      | Reached skill level 10 in Poison Magic
 12963 | D:5      | Reached *** piety under Sif Muna
 13375 | D:5      | Reached XP level 11. HP: 59/62 MP: 18/22
 13621 | D:9      | Reached skill level 5 in Fighting
 13621 | D:9      | Reached skill level 1 in Staves
 13787 | D:9      | Reached skill level 1 in Evocations
 13808 | D:9      | Reached skill level 1 in Shields
 13812 | D:9      | Slain by a vampire

Illustrated notes

Levels and vault maps discovered:
D:1:      moated_graveyard_arrival, layout_basic,
          chequers_ecumenical_altar_lobes
D:2:      layout_rooms, hangedman_decor_points
D:3:      layout_basic, worldfamousw_hep_ancestral_shrine,
          kennysheep_orc_sif_temple, gammafunk_ghost_stat_death,
          serial_bayou_lagoon_a
D:4:      corexii_shantytown, layout_loops_ring, grunt_decor_clamped,
          serial_bayou_ford_a, uniq_sigmund, uniq_blork_the_orc
D:5:      layout_basic, uniq_grinder
D:6:      layout_basic, minmay_temple_entry_mist, nicolae_shop_dragon_depot,
          uniq_edmund, uniq_eustachio, uniq_pikel
D:7:      layout_cave_pods
D:8:      erik_cavepeople, layout_basic, nicolae_overflow_squiral,
          ashenzari_altar_1, nicolae_ossuary_entry_ruins, uniq_maurice
D:9:      layout_roguey, grunt_temple_overflow_open,
          due_lair_maze_entry_diamond, uniq_grum

Skill      XL: |  1  2  3  4  5  6  7  8  9 10 11 |
---------------+----------------------------------+-----
Poison Magic   | 4 5 6 7 8 10 | 10.1
Spellcasting   | 3 4 5 6 7 |  7.0
Invocations    | 1 2 3 4 5 6 |  6.3
Conjurations   | 2 4 6 |  6.9
Fighting       | 2 3 4 5 |  5.0
Dodging        | 3 4 6 |  6.2
Staves         | 1 |  1.3
Evocations     | 1 |  1.1
Shields        | 1 |  1.0
Stealth        | |  2.0
Transmutations | |  0.7

Action                   |  1- 3 |  4- 6 |  7- 9 | 10-12 || total
-------------------------+-------+-------+-------+-------++-------
Melee: Dagger            |    20 |    23 |    17 |       ||    60
       Kick              |     5 |     5 |    27 |    28 ||    65
       Peck              |     2 |     8 |    12 |    18 ||    40
       Mace              |       |       |    81 |       ||    81
       Punch             |       |       |     1 |     1 ||     2
       Staff             |       |       |       |    59 ||    59
 Cast: Sting             |    62 |    46 |    53 |    22 ||   183
       Poisonous Vapours |    16 |    18 |     1 |       ||    35
       Olgreb's Toxic Ra |       |       |    39 |    38 ||    77
       Mephitic Cloud    |       |       |     9 |     7 ||    16
       Stone Arrow       |       |       |    23 |    68 ||    91
Invok: Channel Magic     |       |       |     1 |     3 ||     4
Evoke: Wand              |       |       |     1 |     7 ||     8
  Use: Scroll            |     7 |     3 |     7 |     8 ||    25
       Potion            |       |       |     1 |       ||     1
 Stab: Confused          |       |       |     2 |     3 ||     5
Armor: Robe              |     9 |     6 |    12 |     5 ||    32
Dodge: Dodged            |    33 |    42 |   118 |    85 ||   278
Block: Buckler           |       |       |       |     1 ||     1
